 Dungeon Crawl Stone Soup version 0.25.1-2-g60ff931 (webtiles) character file.

Game seed: 1360104314097368396

206771 Atlas the Sorcerer (level 18, -2/119 HPs)
             Began as a Mummy Ice Elementalist on Sept 21, 2020.
             Was the Champion of Vehumet.
             Killed from afar by Nikola (35 damage)
             ... with a chain lightning
             ... on level 1 of the Swamp.
             The game lasted 01:21:39 (45439 turns).

Atlas the Sorcerer (Mummy Ice Elementalist)        Turns: 45439, Time: 01:21:39

Health: -2/119     AC: 16    Str: 12      XL:     18   Next: 45%
Magic:  21/54      EV: 17    Int: 19 (21) God:    Vehumet [******]
Gold:   3365       SH:  4    Dex: 18 (19) Spells: 30/63 levels left

rFire    . . .     SeeInvis +   t - staff of wizardry
rCold    + . .     Gourm    .   D - +0 buckler
rNeg     + + +     Faith    .   i - +2 robe {rF+}
rPois    ∞         Spirit   .   s - +2 helmet {SInv}
rElec    .         Reflect  .   p - +2 cloak
rCorr    .         Harm     .   g - +2 pair of gloves
MR       ++...                  n - +2 pair of boots
Stlth    ++........             f - amulet of magic regeneration
HPRegen  0.29/turn              d - ring of magical power
MPRegen  0.59/turn              x - +6 ring of dexterity

@: no potions, studying Short Blades, very slow
A: no food or potions, fire vulnerability, cold resistance 1, negative energy
resistance 3, torment resistance, unbreathing, in touch with death 1
a: Renounce Religion


You were on level 1 of the Swamp.
You worshipped Vehumet.
Vehumet was exalted by your worship.
You were not hungry.

You visited 7 branches of the dungeon, and saw 30 of its levels.

You collected 3387 gold pieces.
You spent 22 gold pieces at shops.

Inventory:

Hand Weapons
 q - a +2 whip of electrocution
Armour
 g - a +2 pair of gloves (worn)
 i - a +2 robe of fire resistance (worn)
 l - a +1 chain mail of fire resistance
 n - a +2 pair of boots (worn)
 p - a +2 cloak (worn)
 s - a +2 helmet of see invisible (worn)
 D - a +0 buckler (worn)
 T - the +4 skin of Zhor {Englaciate rC+++ SInv}
   (You found it on level 3 of the Elven Halls)

   It renders you almost immune to cold.
   It lets you see invisible.
Magical Staves
 a - an uncursed staff of energy
 t - an uncursed staff of wizardry (weapon)
Jewellery
 c - an uncursed amulet of the acrobat
 d - a ring of magical power (left hand)
 f - an amulet of magic regeneration (around neck)
 r - an uncursed ring of flight
 w - an uncursed ring of protection from cold
 x - a +6 ring of dexterity (right hand)
 F - an uncursed ring of protection from cold
 Q - an uncursed ring of wizardry
Wands
 j - a wand of clouds (13)
 o - a wand of digging (6)
 u - a wand of iceblast (38)
 v - a wand of polymorph (7)
 A - a wand of flame (14)
 E - a wand of disintegration (30)
 I - a wand of paralysis (9)
 L - a wand of acid (7)
Scrolls
 b - 10 scrolls of amnesia
 e - 5 scrolls of teleportation
 h - 18 scrolls of remove curse
 k - 3 scrolls of fear
 m - 6 scrolls of fog
 y - 7 scrolls of enchant weapon
 z - a scroll of summoning
 B - 3 scrolls of noise
 C - a scroll of vulnerability
 G - 2 scrolls of immolation {unknown}
 H - a scroll of brand weapon
 J - 3 scrolls of magic mapping
 M - a scroll of holy word
 N - a scroll of acquirement {unknown}
 P - a scroll of silence
Books
 O - a manual of Short Blades
Miscellaneous
 R - 3 phantom mirrors


   Skills:
 - Level 4.4 Fighting
 - Level 5.3 Maces & Flails
 - Level 0.5(3.3) Staves
 - Level 7.1 Dodging
 - Level 5.3 Stealth
 + Level 1.5 Shields
 - Level 0.1 Unarmed Combat
 - Level 23.4 Spellcasting
 - Level 2.2 Conjurations
 - Level 2.3 Charms
 - Level 4.4 Summonings
 - Level 16.1 Ice Magic
 - Level 9.1 Air Magic
 - Level 1.8 Poison Magic


You had 30 spell levels left.
You knew the following spells:

 Your Spells              Type           Power        Failure   Level  Hunger
a - Absolute Zero         Ice            ######....   32%         9    N/A
b - Frozen Ramparts       Ice            ######       0%          3    N/A
c - Ozocubu's Armour      Chrm/Ice       ######..     1%          3    N/A
d - Summon Ice Beast      Ice/Summ       ######..     1%          4    N/A
e - Ozocubu's Refrigerat  Ice            ######....   1%          6    N/A
f - Airstrike             Air            ######....   1%          4    N/A
g - Mephitic Cloud        Conj/Pois/Air  #####...     1%          3    N/A
h - Freeze                Ice            ####         0%          1    N/A

Your spell library contained the following spells:

 Spells                   Type           Power        Failure   Level  Hunger
 Chain Lightning          Conj/Air       #####.....   77%         8    N/A
 Tornado                  Air            ######....   98%         9    N/A
 Animate Skeleton         Necr           N/A          1%          1    N/A
 Apportation              Tloc           ###...       1%          1    N/A
 Corona                   Hex            ###....      1%          1    N/A
 Infusion                 Chrm           ####         1%          1    N/A
 Magic Dart               Conj           ####         1%          1    N/A
 Shock                    Conj/Air       ####         1%          1    N/A
 Sting                    Tmut/Pois      ####         1%          1    N/A
 Summon Butterflies       Summ           #####...     1%          1    N/A
 Summon Small Mammal      Summ           ####         1%          1    N/A
 Blink                    Tloc           N/A          1%          2    N/A
 Call Imp                 Summ           #####...     1%          2    N/A
 Corpse Rot               Necr/Air       N/A          1%          2    N/A
 Passwall                 Tmut/Erth      ###.....     1%          2    N/A
 Poisonous Vapours        Pois/Air       #####.       1%          2    N/A
 Searing Ray              Conj           ####..       1%          2    N/A
 Shroud of Golubria       Chrm/Tloc      ####..       1%          2    N/A
 Slow                     Hex            ###.....     1%          2    N/A
 Song of Slaying          Chrm           ####....     1%          2    N/A
 Swiftness                Chrm/Air       #####...     1%          2    N/A
 Conjure Flame            Conj/Fire      ####....     1%          3    N/A
 Dazzling Flash           Conj/Hex       ####..       1%          3    N/A
 Ignite Poison            Fire/Tmut/Pois ###.....     1%          3    N/A
 Inner Flame              Hex/Fire       ###.....     1%          3    N/A
 Spectral Weapon          Hex/Chrm       ####....     1%          3    N/A
 Static Discharge         Conj/Air       #####...     1%          3    N/A
 Fulminant Prism          Conj/Hex       ####......   1%          4    N/A
 Hailstorm                Conj/Ice       ######..     1%          4    N/A
 Iskenderun's Mystic Bla  Conj/Tloc      ####....     1%          4    N/A
 Olgreb's Toxic Radiance  Pois           ####....     1%          4    N/A
 Lightning Bolt           Conj/Air       #####.....   1%          5    N/A
 Metabolic Englaciation   Hex/Ice        ######....   1%          5    N/A
 Freezing Cloud           Conj/Ice/Air   ######....   1%          6    N/A
 Gell's Gravitas          Tloc           ###.......   3%          3    N/A
 Lesser Beckoning         Tloc           ###.......   3%          3    N/A
 Portal Projectile        Hex/Tloc       ###...       3%          3    N/A
 Tukima's Dance           Hex            ###.....     3%          3    N/A
 Iskenderun's Battlesphe  Conj/Chrm      ####....     3%          5    N/A
 Bolt of Magma            Conj/Fire/Erth ####......   6%          5    N/A
 Simulacrum               Ice/Necr       ######....   6%          6    N/A
 Lee's Rapid Deconstruct  Erth           ###.......   8%          5    N/A
 Cause Fear               Hex            ###.......   11%         4    N/A
 Dispel Undead            Necr           ####....     11%         4    N/A
 Leda's Liquefaction      Hex/Erth       ###.......   11%         4    N/A
 Passage of Golubria      Tloc           N/A          11%         4    N/A
 Excruciating Wounds      Chrm/Necr      #####.....   17%         5    N/A
 Alistair's Intoxication  Tmut/Pois      ####....     19%         5    N/A
 Iron Shot                Conj/Erth      ####......   24%         6    N/A
 Agony                    Necr           ####....     26%         5    N/A
 Spellforged Servitor     Conj/Summ      #####.....   45%         7    N/A
 Orb of Destruction       Conj           ####......   58%         7    N/A
 Darkness                 Hex            ###.......   80%         6    N/A
 Invisibility             Hex            ###.....     80%         6    N/A
 Malign Gateway           Summ/Tloc      ####......   96%         7    N/A
 Sublimation of Blood     Necr           Unusable     N/A         2    N/A
 Ice Form                 Ice/Tmut       Unusable     N/A         4    N/A

Dungeon Overview and Level Annotations

Branches:
Dungeon (15/15)            Temple (1/1) D:6            Lair (6/6) D:8
  Swamp (1/4) Lair:3       Spider (2/4) Lair:2        Slime (0/5) Lair:6
    Orc (2/2) D:11            Elf (3/3) Orc:2        Vaults (0/5) D:13
 Depths (0/5) D:15

Altars:
Ashenzari
Dithmenos
Elyvilon
Fedhas
Gozag
Hepliaklqana
Kikubaaqudgha
Makhleb
Nemelex Xobeh
Okawaru
Qazlal
Ru
Sif Muna
Trog
Vehumet
Beogh
Jiyva

Shops:
D:4 ?   Orc:1 (   Orc:2 [![(   Elf:1 %   Elf:2 [   Elf:3 }=}

Portals:
Trove: D:15 (show abyssal rune of Zot)

Annotations:
D:2 Sigmund
D:8 2 transporters, hawla's ghost, novice MiBe
D:13 3 runed translucent doors, Ynatayll's ghost, adept GrEE
Lair:2 3 runed translucent doors, coolio's ghost, journeyman MiBe
Swamp:1 Nikola
Elf:2 5 runed translucent doors
Elf:3 3 runed translucent doors, ew1980's ghost, veteran GrFi


Innate Abilities, Weirdness & Mutations

You do not eat or drink.
Your flesh is vulnerable to fire.
You are immune to poison.
Your flesh is cold resistant. (rC+)
You are immune to negative energy. (rN+++)
You are immune to unholy pain and torment.
You can survive without breathing.
You are in touch with the powers of death.


Message History

You resist.
You feel very cold.
Nikola is frozen.
Nikola is severely wounded.
Unknown command.
Casting: Ozocubu's Refrigeration (mildly dangerous; 1% risk of failure)
Confirm with . or Enter, or press ? or * to list all spells.
The heat is drained from your surroundings.
You resist.
You feel very cold.
Nikola is frozen.
Nikola is almost dead.
Nikola points at you and mumbles some strange words.
The zap hits you!
* * * LOW HITPOINT WARNING * * *
Casting: Ozocubu's Refrigeration (mildly dangerous; 1% risk of failure)
Confirm with . or Enter, or press ? or * to list all spells.
The heat is drained from your surroundings.
You resist.
You feel very cold.
Nikola is frozen.
Nikola is almost dead.
Nikola gestures wildly while chanting.
You hear a mighty clap of thunder!
The lightning arc hits you!!
You die...

§.^...♣♣≈≈♣♣≈≈≈≈≈≈.§♣♣
≈.....♣♣♣♣♣♣.≈≈≈≈≈≈♣♣♣♣.
...)♣♣..♣♣♣♣♣.≈≈≈.♣♣♣...
....♣≈≈≈.≈♣≈.....♣♣.....
....♣♣≈≈..≈....≈§..≈≈..≈
...≈♣♣♣...≈....≈≈..≈≈≈≈.
♣♣♣♣♣ ♣♣♣..♣♣♣♣....≈≈♣
≈≈♣ ♣♣♣♣ ♣♣..♣♣♣≈♣ .≈♣
♣♣♣♣ ♣♣♣@♣♣
≈≈♣♣♣≈.♣♣♣♣♣♣♣≈...♣..♣
≈.^..≈≈.♣..♣≈...≈..≈♣
≈≈..≈≈≈≈≈≈.♣.@≈≈≈≈.♣♣
..♣≈≈≈≈≈≈≈.♣.†≈≈≈≈≈♣
♣♣♣♣...≈≈≈.♣.§≈≈≈≈.♣
♣♣♣...>≈≈..♣≈.≈≈≈≈≈≈♣
♣≈.≈≈.....≈≈≈≈≈≈≈≈.♣
♣♣≈...≈♣.§≈≈≈≈≈≈≈≈.♣


You could see Nikola.

Vanquished Creatures
  Jorgrun (Swamp:1)
  3 deep elf master archers (Elf:3)
  Donald (Elf:3)
  Aizul (Swamp:1)
  A ghost moth (Spider:2)
  5 deep elf sorcerers (Elf:3)
  7 deep elf elementalists
  2 emperor scorpions (Spider:1)
  An orc warlord (Orc:2)
  4 entropy weavers
  10 deep elf demonologists (Elf:3)
  A dire elephant (Lair:3)
  10 deep elf annihilators (Elf:3)
  8 deep elf death magi
  An ettin (Orc:1)
  3 deep elf high priests
  5 hydras
  Fannar (Lair:1)
  Harold (D:8)
  An anaconda (Lair:6)
  A catoblepas (Lair:6)
  Erica (D:8)
  13 two-headed ogres
  3 ogre magi (D:15)
  4 centaur warriors
  18 dancing weapons
  A death knight (D:14)
  3 death yaks (Lair:6)
  2 tengu warriors (D:15)
  5 orc high priests
  21 deep elf knights
  A fire crab (Lair:6)
  2 deep trolls (shapeshifter)
  A wizard (D:13)
  A swamp dragon (Swamp:1)
  3 unseen horrors
  8 deep elf archers
  2 lindwurms (Lair:6)
  Pikel (D:6)
  5 ugly things
  48 deep elf magi
  13 wolf spiders
  An orb spider (Spider:1)
  7 orc sorcerers
  5 orc knights
  2 slime creatures (D:14)
  A moth of wrath (Spider:1)
  2 cyclopes
  2 manticores (Lair:6)
  2 torpor snails
  2 naga magi (D:15)
  4 black mambas
  18 elephants
  Maurice (D:8)
  4 gargoyles
  3 rime drakes
  14 spiny frogs
  A small abomination (Elf:3)
  2 demonic crawlers
  5 freezing wraiths
  8 komodo dragons
  4 yaktaurs
  A tengu conjurer (D:14)
  2 tyrant leeches (Swamp:1)
  8 trolls
  12 jumping spiders
  10 polar bears
  3 hornets
  5 raiju (Lair:6)
  3 bog bodies
  6 blink frogs
  21 dream sheep
  7 hippogriffs
  29 redbacks
  An air elemental (Elf:3)
  15 tarantellas
  A spriggan (Lair:3)
  5 water elementals
  A shadow (D:13)
  16 yaks
  A wyvern (D:10)
  3 fire elementals (Elf:1)
  A human (D:11)
  A wraith (D:13)
  4 basilisks
  Grum (D:8)
  A hungry ghost (D:15)
  A steam dragon (D:10)
  A vampire (D:11)
  2 hogs (D:11)
  7 vampire mosquitoes
  11 wargs
  An acid dragon (shapeshifter) (D:13)
  6 swamp worms
  12 hell hounds (Lair:6)
  4 insubstantial wisps (Lair:5)
  8 soldier ants
  8 water moccasins
  6 porcupines
  41 orc warriors
  An ice beast (D:11)
  A swamp drake (Lair:5)
  A hornet zombie (D:13)
  22 ogres
  2 sky beasts
  2 eyes of draining
  13 black bears
  A necrophage (D:8)
  3 phantoms
  24 wolves
  18 centaurs
  9 crocodiles
  3 big kobolds
  13 bullfrogs
  2 earth elementals
  A wyvern skeleton (D:9)
  5 scorpions
  9 killer bees (D:9)
  13 wights
  4 electric eels
  A howler monkey (D:5)
  3 centaur zombies
  6 crimson imps
  2 quasits
  A bullfrog zombie (D:11)
  6 jellies
  10 hounds
  28 orc priests
  28 orc wizards
  7 centaur skeletons
  16 worker ants
  A bullfrog skeleton (D:12)
  7 iguanas
  4 hell rats
  A howler monkey skeleton (D:6)
  7 adders
  6 gnolls
  10 river rats (Lair:4)
  2 shadow imps
  2 oozes
  An adder zombie (D:6)
  A worm (D:3)
  2 dart slugs (D:2)
  4 leopard geckos
  106 orcs
  6 giant cockroaches
  12 hobgoblins
  9 jackals
  3 quokkas
  A ball python (D:3)
  9 bats
  3 frilled lizards
  13 goblins
  16 kobolds
  A leopard gecko skeleton (D:8)
  15 rats
  A bush (Lair:3)
  2 crawling corpses (Elf:3)
  63 fungi
  47 plants
1188 creatures vanquished.

Vanquished Creatures (collateral kills)
  A centaur warrior (D:13)
  5 two-headed ogres
  3 ugly things
  A manticore (D:12)
  A centaur zombie (D:14)
  A spiny frog (shapeshifter) (D:15)
  A yaktaur (D:13)
  A troll (D:15)
  4 slime creatures (D:14)
  A hog (D:11)
  8 yaks
  2 basilisks (D:15)
  A sky beast (D:15)
  2 ogres
  An orc warrior (D:11)
  A crocodile (D:13)
  A wyvern skeleton (D:13)
  A shadow imp (D:15)
  4 orcs
40 creatures vanquished.

Vanquished Creatures (others)
  3 deep elf magi (Elf:3)
  8 fungi
  9 plants
20 creatures vanquished.

Grand Total: 1248 creatures vanquished

Notes
Turn   | Place    | Note
-------+----------+-------------------------------------------
     0 | D:1      | Atlas the Mummy Ice Elementalist began the quest for the
                  | Orb.
     0 | D:1      | Reached XP level 1. HP: 13/13 MP: 4/4
   292 | D:1      | Reached XP level 2. HP: 19/19 MP: 1/5
   777 | D:1      | Reached skill level 3 in Spellcasting
  1082 | D:2      | Reached XP level 3. HP: 24/24 MP: 4/7
  1185 | D:2      | Noticed Sigmund
  1195 | D:2      | Found a bloodstained altar of Trog.
  1334 | D:2      | Learned a level 3 spell: Frozen Ramparts
  1338 | D:2      | Learned a level 3 spell: Ozocubu's Armour
  1953 | D:3      | Reached XP level 4. HP: 30/30 MP: 7/9
  1988 | D:3      | Reached skill level 4 in Spellcasting
  2398 | D:3      | Found a shattered altar of Ashenzari.
  2573 | D:4      | Found Toitughi's Magic Scroll Shoppe.
  2763 | D:4      | Reached XP level 5. HP: 27/36 MP: 11/11
  2858 | D:4      | Bought a scroll of identify for 22 gold pieces
  3057 | D:4      | Reached skill level 5 in Spellcasting
  3191 | D:4      | Reached XP level 6. HP: 40/42 MP: 8/13
  3197 | D:4      | Learned a level 4 spell: Summon Ice Beast
  3355 | D:4      | Found a shattered altar of Ashenzari.
  3500 | D:5      | Entered Level 5 of the Dungeon
  3547 | D:5      | Reached skill level 6 in Spellcasting
  3790 | D:5      | Noticed an ice beast
  3818 | D:5      | Reached skill level 5 in Ice Magic
  4333 | D:5      | Reached XP level 7. HP: 35/47 MP: 13/17
  4511 | D:5      | Learned a level 3 spell: Mephitic Cloud
  4797 | D:5      | Found a blossoming altar of Fedhas.
  4936 | D:6      | Reached skill level 1 in Fighting
  4948 | D:6      | Reached skill level 7 in Spellcasting
  5068 | D:6      | Found a sand-covered staircase.
  5362 | D:6      | Reached skill level 8 in Spellcasting
  5362 | D:6      | Reached XP level 8. HP: 51/54 MP: 20/20
  5723 | D:6      | Noticed Pikel
  5730 | D:6      | Killed Pikel
  5730 | D:6      | Reached skill level 9 in Spellcasting
  6019 | D:6      | Found a staircase to the Ecumenical Temple.
  6166 | Temple   | Entered the Ecumenical Temple
  6186 | Temple   | Became a worshipper of Vehumet
  6420 | D:7      | Reached XP level 9. HP: 59/59 MP: 22/22
  6452 | D:7      | Reached * piety under Vehumet
  6452 | D:7      | Offered knowledge of Sandblast by Vehumet.
  6672 | D:7      | Reached skill level 10 in Spellcasting
  7729 | D:8      | Found a transporter.
  7732 | D:8      | Noticed hawla's ghost (novice MiBe)
  7802 | D:8      | Found a transporter.
  7807 | D:8      | Noticed Erica
  7817 | D:8      | Killed Erica
  7817 | D:8      | Reached skill level 1 in Maces & Flails
  7817 | D:8      | Reached skill level 11 in Spellcasting
  7817 | D:8      | Reached skill level 1 in Charms
  7823 | D:8      | Reached skill level 1 in Summonings
  7890 | D:8      | Noticed Grum
  7990 | D:8      | Killed Grum
  8229 | D:8      | Reached XP level 10. HP: 59/67 MP: 25/25
  8310 | D:8      | Noticed Maurice
  8319 | D:8      | Killed Maurice
  8432 | D:8      | Found a staircase to the Lair.
  8453 | D:8      | Noticed Harold
  8486 | D:8      | Killed Harold
  8486 | D:8      | Offered knowledge of Foxfire by Vehumet.
  8528 | D:8      | Reached ** piety under Vehumet
  8975 | D:9      | Reached skill level 12 in Spellcasting
  9478 | D:9      | Learned a level 4 spell: Airstrike
  9560 | D:9      | Noticed a two-headed ogre
  9606 | D:9      | Killed a two-headed ogre
  9782 | D:9      | Offered knowledge of Searing Ray by Vehumet.
  9789 | D:9      | Reached skill level 1 in Air Magic
  9790 | D:9      | Reached skill level 1 in Poison Magic
  9790 | D:9      | Reached XP level 11. HP: 44/72 MP: 25/27
  9996 | D:10     | Entered Level 10 of the Dungeon
 10205 | D:10     | Reached *** piety under Vehumet
 10303 | D:10     | Noticed a red ugly thing
 10315 | D:10     | Killed a red ugly thing
 10886 | D:10     | Reached skill level 13 in Spellcasting
 11473 | D:11     | Offered knowledge of Fulminant Prism by Vehumet.
 11751 | D:11     | Found a staircase to the Orcish Mines.
 11883 | D:11     | Noticed a two-headed ogre
 11910 | D:11     | Killed a two-headed ogre
 12019 | D:11     | Reached skill level 5 in Dodging
 12099 | D:11     | Reached **** piety under Vehumet
 12099 | D:11     | Reached skill level 1 in Conjurations
 12693 | D:11     | Offered knowledge of Sticky Flame by Vehumet.
 12792 | D:11     | Noticed a white ugly thing
 12810 | D:11     | Killed a white ugly thing
 13088 | D:12     | Noticed a cyan ugly thing
 13099 | D:12     | Killed a cyan ugly thing
 13194 | D:12     | Noticed an unseen horror
 13233 | D:12     | Killed an unseen horror
 13568 | D:12     | Reached skill level 10 in Ice Magic
 13604 | D:12     | Reached skill level 14 in Spellcasting
 14321 | D:12     | Reached XP level 12. HP: 80/80 MP: 30/30
 14746 | D:13     | Found a runed translucent gate.
 14747 | D:13     | Found a runed translucent gate.
 14748 | D:13     | Found a runed translucent gate.
 14750 | D:13     | Noticed Ynatayll's ghost (adept GrEE)
 14901 | D:13     | Noticed a centaur warrior
 14911 | D:13     | Killed a centaur warrior
 15403 | D:13     | Noticed a centaur warrior
 15416 | D:13     | Killed a centaur warrior
 15416 | D:13     | Reached ***** piety under Vehumet
 15646 | D:13     | Noticed a centaur warrior
 15666 | D:13     | Killed a centaur warrior
 15666 | D:13     | Offered knowledge of Freezing Cloud by Vehumet.
 16412 | D:13     | Noticed a two-headed ogre
 16419 | D:13     | Killed a two-headed ogre
 16419 | D:13     | Reached skill level 15 in Spellcasting
 16808 | D:13     | Noticed a centaur warrior
 16824 | D:13     | Killed a centaur warrior
 16845 | D:13     | Found a gate to the Vaults.
 17267 | D:13     | Gained mutation: You are in touch with the powers of death.
                  | [Mummy growth]
 17267 | D:13     | Reached XP level 13. HP: 45/87 MP: 25/32
 17699 | D:13     | Got a faintly humming cloak
 17710 | D:13     | Identified the +0 cloak "Zoumafar" {-Cast rC+ MR+ MP+9}
                  | (You found it on level 13 of the Dungeon)
 19417 | D:14     | Reached skill level 5 in Air Magic
 19649 | D:15     | Entered Level 15 of the Dungeon
 19654 | D:15     | Reached skill level 16 in Spellcasting
 19917 | D:15     | Offered knowledge of Olgreb's Toxic Radiance by Vehumet.
 20566 | D:15     | Found a portal to a secret trove of treasure.
 20634 | D:15     | Found a shadowy altar of Dithmenos.
 21836 | D:15     | Reached XP level 14. HP: 82/94 MP: 34/34
 22092 | D:15     | Found a staircase to the Depths.
 22100 | D:15     | Reached skill level 17 in Spellcasting
 22700 | Lair:1   | Entered Level 1 of the Lair of Beasts
 22907 | Lair:1   | Noticed Fannar
 22916 | Lair:1   | Killed Fannar
 23135 | Lair:1   | Learned a level 6 spell: Ozocubu's Refrigeration
 23636 | Lair:2   | Reached skill level 5 in Stealth
 23924 | Lair:2   | Found a runed translucent gate.
 23924 | Lair:2   | Found a runed translucent gate.
 23924 | Lair:2   | Found a runed translucent gate.
 23924 | Lair:2   | Noticed coolio's ghost (journeyman MiBe)
 24008 | Lair:2   | Found a hole to the Spider Nest.
 25017 | Lair:3   | Reached skill level 18 in Spellcasting
 25439 | Lair:3   | Offered knowledge of Conjure Ball Lightning by Vehumet.
 26154 | Lair:3   | Found a staircase to the Swamp.
 27619 | Lair:5   | Reached skill level 5 in Maces & Flails
 28475 | Lair:6   | Entered Level 6 of the Lair of Beasts
 28544 | Lair:6   | Reached ****** piety under Vehumet
 28544 | Lair:6   | Offered knowledge of Starburst by Vehumet.
 28544 | Lair:6   | Reached XP level 15. HP: 84/100 MP: 37/37
 28939 | Lair:6   | Reached skill level 19 in Spellcasting
 29999 | Lair:6   | Offered knowledge of Irradiate by Vehumet.
 30689 | Lair:6   | Found a viscous altar of Jiyva.
 30690 | Lair:6   | Found a staircase to the Slime Pits.
 31037 | Orc:1    | Entered Level 1 of the Orcish Mines
 31037 | Orc:1    | Found Xowyh's Weapon Shoppe.
 31239 | Orc:1    | Found a roughly hewn altar of Beogh.
 31729 | Orc:2    | Entered Level 2 of the Orcish Mines
 32164 | Orc:2    | Reached skill level 20 in Spellcasting
 32387 | Orc:2    | Offered knowledge of Fireball by Vehumet.
 32406 | Orc:2    | Found a roughly hewn altar of Beogh.
 32618 | Orc:2    | Found Pijo's Armour Boutique.
 32710 | Orc:2    | Found Kuvvange's Weapon Shop.
 33025 | Orc:2    | Found a staircase to the Elven Halls.
 33609 | Orc:2    | Noticed an orc warlord
 33610 | Orc:2    | Found a roughly hewn altar of Beogh.
 33614 | Orc:2    | Killed an orc warlord
 33763 | Orc:2    | Found Huyg's Antique Armour Shop.
 33812 | Orc:2    | Reached XP level 16. HP: 101/106 MP: 27/40
 33878 | Orc:2    | Found Eprurchi's Distillery.
 34288 | Elf:1    | Entered Level 1 of the Elven Halls
 34910 | Elf:1    | Offered knowledge of Ignition by Vehumet.
 35138 | Elf:1    | Reached skill level 21 in Spellcasting
 35475 | Elf:1    | Found Wigegru's Food Shoppe.
 35478 | Elf:1    | Got a scorched iron ring
 35491 | Elf:1    | Identified the ring "Usoteacs" {rPois rN+ Int+4} (You found
                  | it on level 1 of the Elven Halls)
 36652 | Elf:2    | Found a huge runed translucent gate.
 36652 | Elf:2    | Found a huge runed translucent gate.
 36652 | Elf:2    | Found a huge runed translucent gate.
 36652 | Elf:2    | Found a huge runed translucent gate.
 36652 | Elf:2    | Found a huge runed translucent gate.
 36835 | Elf:2    | Found Huqi's Armour Shoppe.
 37460 | Elf:3    | Entered Level 3 of the Elven Halls
 37667 | Elf:3    | Noticed Donald
 37693 | Elf:3    | Killed Donald
 37965 | Elf:3    | Found Eroton's Gadget Boutique.
 37965 | Elf:3    | Found Forchacepp's Jewellery Shoppe.
 37966 | Elf:3    | Found Addas's Gadget Boutique.
 38011 | Elf:3    | Reached XP level 17. HP: 113/113 MP: 42/42
 38038 | Elf:3    | Reached skill level 22 in Spellcasting
 38962 | Elf:3    | Found a runed translucent gate.
 38962 | Elf:3    | Found a runed translucent gate.
 38962 | Elf:3    | Found a runed translucent gate.
 38963 | Elf:3    | Noticed ew1980's ghost (veteran GrFi)
 39187 | Elf:3    | Offered knowledge of Chain Lightning by Vehumet.
 39187 | Elf:3    | Offered knowledge of Tornado by Vehumet.
 39187 | Elf:3    | Offered knowledge of Absolute Zero by Vehumet.
 39293 | Elf:3    | Learned a level 9 spell: Absolute Zero
 39431 | Elf:3    | Noticed a deep elf master archer
 40007 | Elf:3    | Noticed a deep elf master archer
 40010 | Elf:3    | Killed a deep elf master archer
 40073 | Elf:3    | Identified the +2 ice dragon scales of Liberty {*Corrode
                  | rElec rF- rC++ Dex-3 SInv}
 40073 | Elf:3    | Noticed a deep elf master archer
 40076 | Elf:3    | Identified the +1 steam dragon scales of Free Expression
                  | {Int+4}
 40832 | Elf:3    | Reached skill level 23 in Spellcasting
 41028 | Elf:3    | Killed a deep elf master archer
 41028 | Elf:3    | Reached skill level 1 in Shields
 41984 | Elf:3    | Got a fine scale mail
 41995 | Elf:3    | Identified the cursed +1 scale mail of the Amoeba {+Inv}
                  | (You found it on level 3 of the Elven Halls)
 42054 | Elf:3    | Identified the Volume of the Disturbing People
 42057 | Elf:3    | Identified Sif Muna's Incunabulum of Envenoming
 42077 | Elf:3    | Found the +4 skin of Zhor {Englaciate rC+++ SInv}
 42077 | Elf:3    | Got a pair of ancient boots
 42156 | Elf:3    | Killed a deep elf master archer
 42259 | Elf:3    | Identified the +1 pair of boots of the Harp {-Tele Harm
                  | MP-9 Int+4} (You found it on level 3 of the Elven Halls)
 42627 | Spider:1 | Entered Level 1 of the Spider Nest
 42650 | Spider:1 | Reached XP level 18. HP: 119/119 MP: 16/45
 42650 | Spider:1 | Reached skill level 15 in Ice Magic
 44807 | Swamp:1  | Entered Level 1 of the Swamp
 44807 | Swamp:1  | Noticed Jorgrun
 44813 | Swamp:1  | Killed Jorgrun
 44942 | Swamp:1  | Noticed Aizul
 44949 | Swamp:1  | Killed Aizul
 45342 | Swamp:1  | Identified the +1 pair of gloves of Squeaky Liberty {Harm
                  | rF+ Dex+7}
 45342 | Swamp:1  | Noticed Nikola
 45439 | Swamp:1  | Killed from afar by Nikola

Illustrated notes

Levels and vault maps discovered:
D:1:      kennysheep_arrival_forest, layout_loops_cross
D:2:      layout_loops_ring, first_ration, trog_book, uniq_sigmund
D:3:      layout_rooms, lemuel_round_altar
D:4:      layout_cave_pools, serial_shops, shop, ashenzari_altar_1
D:5:      layout_basic, fedhas_altar_fruit_tree
D:6:      layout_loops_cross, temple_hall, enter_ossuary_5,
          chequers_serial_rivers_large_b, uniq_pikel
D:7:      layout_cave_pools
D:8:      layout_basic, david_lair_shrubbed, gammafunk_ghost_stat_death,
          uniq_grum, uniq_maurice, uniq_harold, uniq_erica
D:9:      layout_loops_cross
D:10:     layout_loops_corners
D:11:     layout_long_grid, david_orc_4, grunt_livestock
D:12:     layout_stronghold, lemuel_flamethrower_1
D:13:     layout_basic, erik_vaults_1, gammafunk_ghost_split
D:14:     layout_cave_pools, serial_park_tiny_2, hangedman_decor_push
D:15:     grunt_enter_depths_magical_seal, layout_layer_cave, basic_altar,
          enter_trove_6
Temple:   grunt_wide_crystal_templ
Lair:1:   layout_chaotic_city, serial_bayou, serial_bayou_pond_e,
          serial_bayou_pond_a, serial_bayou_pond_c, serial_bayou_pond_d,
          grunt_forest_small_clearings, serial_bayou_pond_e, uniq_fannar
Lair:2:   layout_layer_cave, nicolae_spider_entry_tight_spaces,
          gammafunk_ghost_necromancy, serial_bayou_shore_b, lemuel_fruit_fields
Lair:3:   mu_elephants_graveyard, layout_regular_city,
          nicolae_swamp_entry_splash_gauntlet
Lair:4:   layout_cave_pods, kennysheep_abandoned_house, grunt_megastairs_4,
          serial_bayou_shore_b
Lair:5:   layout_regular_city, serial_bayou_pond_a, pond
Lair:6:   hangedman_lair_caniforms_friends, layout_big_grid,
          hangedman_lair_in_review, dpeg_slime_entry_enclosed_altar
Swamp:1:  layout_basic_swamp, evilmike_swamp_ruin_house_3, uniq_jorgrun,
          uniq_nikola, uniq_aizul
Spider:1: layout_spider_delve
Spider:2: layout_spider_delve, minivault_29
Orc:1:    layout_diamond_mine, serial_shops, shop_coins, basic_altar,
          nicolae_orc_jurassic_orc
Orc:2:    pubby_orc_utopia
Elf:1:    layout_rooms, serial_shops, shop_statue,
          kennysheep_underground_church, minmay_misc_feat_diagonals,
          evilmike_ambush [evilmike_ambush_outer_corners,
          evilmike_ambush_inner_basic]
Elf:2:    layout_geoelf_grid, serial_shops, shop
Elf:3:    minmay_elf_hall_hex, layout_loops_corners,
          gammafunk_ghost_tricky_traps, abandoned_shop, minmay_shop_grove,
          uniq_donald

Skill      XL: |  1  2  3  4  5  6  7  8  9 10 11 12 13 14 15 16 17 18 |
---------------+-------------------------------------------------------+-----
Spellcasting   | 3 4 5 6 8 9 11 12 14 15 16 18 20 21 23 | 23.4
Ice Magic      | 4 5 6 8 9 10 11 12 14 16 | 16.1
Dodging        | 2 3 4 5 6 7 |  7.1
Stealth        | 2 3 4 5 |  5.3
Fighting       | 1 2 3 4 |  4.4
Maces & Flails | 1 2 3 4 5 |  5.3
Charms         | 1 2 |  2.3
Summonings     | 1 2 3 4 |  4.4
Air Magic      | 1 3 6 7 8 9 |  9.1
Poison Magic   | 1 |  1.8
Conjurations   | 1 2 |  2.2
Shields        | 1 |  1.5
Staves         | |  0.5
Unarmed Combat | |  0.1

Action                   |  1- 3 |  4- 6 |  7- 9 | 10-12 | 13-15 | 16-18 || total
-------------------------+-------+-------+-------+-------+-------+-------++-------
Melee: Unarmed           |     5 |       |       |       |       |       ||     5
       Staff             |     5 |    20 |    44 |       |       |       ||    69
       Whip              |       |       |    61 |   341 |   283 |    69 ||   754
       Punch             |       |       |       |     1 |       |       ||     1
 Cast: Freeze            |    67 |    95 |   104 |    55 |    18 |       ||   339
       Frozen Ramparts   |       |     4 |    18 |    59 |    11 |     4 ||    96
       Ozocubu's Armour  |       |       |     9 |    21 |    10 |     4 ||    44
       Summon Ice Beast  |       |       |     2 |    55 |    38 |    10 ||   105
       Mephitic Cloud    |       |       |     2 |    29 |    23 |    11 ||    65
       Airstrike         |       |       |       |    47 |   192 |   104 ||   343
       Ozocubu's Refrige |       |       |       |       |   274 |   344 ||   618
Evoke: Wand              |       |       |       |       |       |     7 ||     7
  Use: Scroll            |     1 |     7 |       |       |    14 |    11 ||    33
 Stab: Sleeping          |     1 |       |     2 |     5 |     3 |       ||    11
       Confused          |       |       |       |     9 |       |       ||     9
       Distracted        |       |       |       |     3 |       |       ||     3
Armor: Robe              |    22 |    20 |    79 |   115 |   116 |    55 ||   407
Dodge: Dodged            |    28 |    58 |   176 |   281 |   262 |    89 ||   894
Block: Buckler           |       |       |       |       |    41 |    23 ||    64
